Map: Dusk Towers

Players

Barcode - Winner!

  • Race: Zerg Zerg
  • League: Master

Snake

  • Race: Protoss Protoss
  • League: Grandmaster

VOD

Have the link to the VOD?

Description

Time

  • Played on: May 5, 2016, 3:13 a.m.
  • Length: 4:34
Show
View Real Time Build Order
Export as new Build Order

Barcode Zerg - Winner!

Build Orders: 3 Hatch before Pool 

Get SALT Encoding   

  12  0:00  Drone  
  13  0:10  Drone  
  14  0:21  Drone, Extractor x2  
  12  0:22  Drone  
  16  0:44  Hatchery  
  16  0:49  Overlord  
  15  1:08  Drone x2  
  17  1:18  Hatchery  
  16  1:21  Drone  
  16  1:25  Drone  
  18  1:27  Extractor  
  18  1:30  Drone  
  18  1:44  Spawning Pool  
  17  1:48  Drone  
  17  1:51  Drone  
  19  1:57  Drone  
  20  2:01  Drone  
  20  2:08  Drone  
  22  2:13  Drone  
  23  2:18  Drone  
  24  2:34  Zergling x2  
  24  2:35  Zergling x2  
  26  2:43  Zergling x8  
  29  2:44  Metabolic Boost  
  29  2:51  Evolution Chamber  
  29  2:54  Zergling x6  
  31  3:00  Zergling x2  
  31  3:01  Zergling x2  
  33  3:09  Overlord  
  33  3:18  Roach Warren  
  32  3:20  Zergling x2  
  34  3:28  Overlord  
  34  3:29  Overlord  
  34  3:30  Zergling x2  
  34  3:44  Zergling x4  
  36  3:57  Queen  
  36  3:59  Roach x3  
Show
View Real Time Build Order
Export as new Build Order

Snake Protoss 

Build Orders:  

Get SALT Encoding   

  12  0:01  Probe (Chrono Boost)  
  13  0:16  Pylon  
  13  0:18  Probe (Chrono Boost)  
  14  0:29  Probe (Chrono Boost)  
  15  0:39  Probe (Chrono Boost)  
  15  0:40  Forge  
  17  0:50  Probe (Chrono Boost)  
  17  1:03  Gateway  
  17  1:05  Probe (Chrono Boost)  
  18  1:15  Probe (Chrono Boost)  
  19  1:26  Probe (Chrono Boost)  
  20  1:46  Nexus  
  20  1:48  Pylon  
  20  1:52  Probe (Chrono Boost)  
  21  2:09  Probe (Chrono Boost)  
  21  2:12  Photon Cannon  
  21  2:14  Photon Cannon  
  22  2:24  Pylon  
  22  2:30  Probe (Chrono Boost)  
  22  2:33  Assimilator  
  23  2:39  Pylon  
  23  2:41  Gateway, Probe (Chrono Boost)  
  24  2:52  Probe (Chrono Boost)  
  24  2:55  Photon Cannon  
  24  2:58  Probe (Chrono Boost)  
  26  3:02  Pylon, Probe (Chrono Boost)  
  26  3:05  Assimilator  
  27  3:08  Probe (Chrono Boost)  
  28  3:15  Photon Cannon  
  28  3:24  Photon Cannon  
  28  3:25  Photon Cannon  
  28  3:31  Probe (Chrono Boost)  
  29  3:35  Probe (Chrono Boost)  
  31  3:41  Probe (Chrono Boost)  
  31  3:42  Zealot (Chrono Boost)  
  33  3:57  Cybernetics Core  
  33  3:59  Pylon  
  33  4:03  Photon Cannon  
  33  4:04  Probe  
  34  4:13  Gateway, Probe  
Tags
 
Add a new tag
Caveats
  • Supply blocks, unpowered buildings, or Contaminate may cause inaccurate times.
  • Supply counts are checked every 10 seconds.